 Dungeon Crawl Stone Soup version bcrawl-1.27.5 (webtiles) character file.

Game seed: 4412513596816074718

231986 Faustar the Covered (level 6, -3/57 HPs)
             Began as an Oni Skald on Sept 3, 2020.
             Slain by an orc
             ... wielding a cursed -1 flail
              (4 damage)
             ... on level 4 of the Dungeon.
             The game lasted 00:06:18 (2534 turns).

Faustar the Covered (Oni Skald)                     Turns: 2534, Time: 00:06:18

Health: -3/57      AC:  6    Str: 16    XL:     6   Next: 93%
Magic:  10/10      EV: 11    Int: 15    God:
Gold:   198        SH:  0    Dex: 10    Spells: 6/7 levels left

rFire    . . .     SeeInvis .   q - +0 flail
rCold    . . .     Gourm    .   (no shield)
rNeg     . . .     Faith    .   f - +1 ring mail {rPois}
rPois    +         Spirit   .   (helmet restricted)
rElec    .         Reflect  .   (no cloak)
rCorr    .         Harm     .   (no gloves)
MR       .....                  (no boots)
Stlth    ++........             (no amulet)
HPRegen  0.19/turn              i - ring of stealth
MPRegen  0.12/turn              (no ring)

@: slowed, very slow
A: oni magic, claws 1, fangs 1, horns 1, blurry vision 1, robust 1
a: no special abilities


You were on level 4 of the Dungeon.
You were hungry.

You visited 1 branch of the dungeon, and saw 4 of its levels.

You collected 198 gold pieces.

Inventory:

Hand Weapons
 a - a +0 mace
 q - a +0 flail (weapon)
Armour
 b - a +0 leather armour
 f - a +1 ring mail of poison resistance (worn)
Jewellery
 i - a ring of stealth (left claw)
Scrolls
 c - 2 scrolls of remove curse {unknown}
 d - a scroll of fear
 g - a scroll of magic mapping {unknown}
 j - a scroll of fog {unknown}
 k - a scroll of immolation {unknown}
 l - a scroll of amnesia {unknown}
 m - a scroll of enchant weapon {unknown}
 n - a scroll of identify
 o - a scroll of enchant armour {unknown}
 p - a scroll of blinking {unknown}
Potions
 h - a potion of mutation
 r - a potion of brilliance {unknown}
 s - a potion of might {unknown}
Comestibles
 e - 2 rations {!d}


   Skills:
 + Level 3.9 Fighting
 + Level 4.3 Maces & Flails
 * Level 4.3 Armour
 - Level 2.0 Dodging
 - Level 1.3 Spellcasting
   Level 1.3 Conjurations
   Level 1.3 Hexes
   Level 1.3 Charms
   Level 1.3 Summonings
   Level 1.3 Necromancy
   Level 1.3 Translocations
   Level 1.3 Transmutations
   Level 1.3 Fire Magic
   Level 1.3 Ice Magic
   Level 1.3 Air Magic
   Level 1.3 Earth Magic
   Level 1.3 Poison Magic


You had 6 spell levels left.
You knew the following spells:

 Your Spells              Type           Power        Failure   Level  Hunger
a - Infusion              Chrm           #.......     22%         1    None

Your spell library contained the following spells:

 Spells                   Type           Power        Failure   Level  Hunger
 Magic Dart               Conj           #...         22%         1    None
 Blink                    Tloc           N/A          32%         2    ###....
 Song of Slaying          Chrm           #.......     32%         2    ###....
 Teleport Other           Tloc           #.......     54%         3    #####..
 Ozocubu's Armour         Chrm/Ice       #.......     58%         3    #####..
 Regeneration             Chrm/Necr      #.........   58%         3    #####..
 Spectral Weapon          Hex/Chrm       #.......     58%         3    #####..


Dungeon Overview and Level Annotations

Branches:
Dungeon (4/12)
 Temple: D:4-7

Altars:
Ru
Zin
The Shining One


Innate Abilities, Weirdness & Mutations

You learn spells by gaining experience, not through books or religion.
You only train spellcasting to practice magic.
You have sharp fingernails.
You have very sharp teeth.
You have a pair of small horns on your head.
Scrolls take you a little longer to read.
You are robust. (+10% HP)


Message History

You bite the orc wizard, but do no damage.
The orc wizard is heavily wounded.
The orc wizard hits you but does no damage.
The orc hits you with a cursed -1 flail.
* * * LOW HITPOINT WARNING * * *
The orc wizard hits you but does no damage.
The orc misses you.
You hit the orc wizard.
You headbutt the orc wizard, but do no damage.
The orc wizard is heavily wounded.
The orc wizard misses you. The orc wizard closely misses you.
The orc barely misses you.
The orc wizard hits you with a +0 dagger.
* * * LOW HITPOINT WARNING * * *
You hit the orc wizard.
The orc wizard is severely wounded.
The orc wizard hits you with a +0 dagger.
* * * LOW HITPOINT WARNING * * *
The orc hits you with a cursed -1 flail.
You die...

###### ....
#..# #.o#
#######.@#
.......o.#
#######.###
#.#.. #.#.#
#.#.# #.#.#
#.#<#
#.#.##


You could see an orc wizard and an orc.

Vanquished Creatures
  Sigmund (D:2)
  A bullfrog (D:3)
  An orc priest (D:4)
  Jessica (D:2)
  6 adders
  2 oozes (D:3)
  5 dart slugs
  2 worms (D:2)
  4 leopard geckos
  3 orcs
  3 giant cockroaches (D:1)
  3 goblins
  7 hobgoblins
  2 jackals (D:3)
  5 bats
  7 frilled lizards
  8 kobolds
  5 rats
66 creatures vanquished.

Notes
Turn   | Place    | Note
-------+----------+-------------------------------------------
     0 | D:1      | Faustar the Oni Skald began the quest for the Orb.
     0 | D:1      | Reached XP level 1. HP: 17/17 MP: 4/4
    62 | D:1      | Reached skill level 1 in Armour
   110 | D:1      | Reached XP level 2. HP: 20/24 MP: 6/6
   323 | D:1      | Reached XP level 3. HP: 28/30 MP: 7/7
   783 | D:2      | Noticed Sigmund
   804 | D:2      | Gained mutation: Scrolls take you a little longer to read.
                  | [potion of mutation]
   804 | D:2      | Gained mutation: You are robust. (+10% HP) [potion of
                  | mutation]
   830 | D:2      | HP: 1/49 [something/magic dart (4)]
   832 | D:2      | Killed Sigmund
   832 | D:2      | Reached XP level 4. HP: 2/41 MP: 8/8
   832 | D:2      | Reached XP level 5. HP: 2/49 MP: 9/9
  1034 | D:2      | Found a glowing silver altar of Zin.
  1382 | D:2      | Noticed Jessica
  1390 | D:2      | Killed Jessica
  1390 | D:2      | Reached XP level 6. HP: 31/56 MP: 10/10
  2223 | D:3      | Found a glowing golden altar of the Shining One.
  2481 | D:3      | Found a sacrificial altar of Ru.
  2534 | D:4      | HP: 1/57 [orc wizard/+0 dagger (3)]
  2534 | D:4      | Slain by an orc

Skill      XL: |  1  2  3  4  5  6 |
---------------+-------------------+-----
Armour         | 1 3 4 |  4.3
Dodging        | 2 |  2.0
Fighting       | 3 |  3.9
Maces & Flails | 3 4 |  4.3
Spellcasting   | |  1.3
Conjurations   | |  1.3
Hexes          | |  1.3
Charms         | |  1.3
Summonings     | |  1.3
Necromancy     | |  1.3
Translocations | |  1.3
Transmutations | |  1.3
Fire Magic     | |  1.3
Ice Magic      | |  1.3
Air Magic      | |  1.3
Earth Magic    | |  1.3
Poison Magic   | |  1.3

Action                   |  1- 3 |  4- 6 || total
-------------------------+-------+-------++-------
Melee: Mace              |   107 |   100 ||   207
       Headbutt          |     7 |    16 ||    23
       Bite              |     5 |    17 ||    22
       Flail             |       |    44 ||    44
 Cast: Infusion          |     1 |       ||     1
  Use: Potion            |     3 |       ||     3
  Eat: Chunk             |     2 |    11 ||    13
Armor: Ring mail         |    41 |    70 ||   111
       Leather armour    |     2 |       ||     2
       Skin              |    10 |       ||    10
Dodge: Dodged            |    75 |   106 ||   181
